AoeStats
← Joxer The Mighty

Arena

510420087Analyzed
1v1 RM · 2d ago on Sep 30, 2026· 79m 13s· 2 players
Game mode
Random Map
Map size
Tiny (2 player)
Population
200
Speed
Normal
Resources
Standard
Victory
Conquest
Starting age
Dark Age
Ending age
Imperial Age
RankedLock teamsTeams togetherTeam positionsShared explorationLock speedFull tech treeHidden civsTurbo modeCheats
Victory
Defeat
🇧🇷 Romans · Brazil
1440
+13
🇵🇪 Italians · Peru
1376
-13
GJ Euphory
10:59 Feudal Age
11:54 Double-Bit Axe
11:51 Horse Collar
14:35 Castle Age
12:37 Double-Bit Axe
13:27 Horse Collar
20:15 Wheelbarrow
20:21 Town Watch
21:54 Hand Cart
22:16 Stone Mining
23:49 Bow Saw
24:36 Heavy Plow
27:41 Imperial Age
26:31 Stone Shaft Mining
27:04 Fletching
27:14 Padded Archer Armor
27:50 Ballistics
28:11 Bodkin Arrow
29:23 Chemistry
28:04 Treadmill Crane
29:17 Sanctity
28:23 Elite Genoese Crossbowman
29:32 Husbandry
30:18 Bracer
30:34 Leather Archer Armor
30:45 Conscription
32:01 Bloodlines
32:30 Ring Archer Armor
32:56 Gold Mining
34:22 Masonry
34:23 Fortified Wall
35:32 Onager
36:56 Crop Rotation
37:28 Two-Man Saw
38:06 Hoardings
38:08 Architecture
37:29 Guard Tower
37:25 Arrowslits
38:34 Forging
38:30 Scale Barding Armor
37:50 Light Cavalry
38:41 Bloodlines
47:00 Hussar
50:27 Keep
53:44 Guilds
61:19 Squires
63:51 Pikeman
64:17 Arson
73:15 Iron Casting
72:40 Scale Mail Armor
Joxer The Mighty
10:27 Feudal Age
14:22 Castle Age
12:21 Double-Bit Axe
12:53 Horse Collar
15:32 Bow Saw
20:28 Heavy Plow
24:01 Wheelbarrow
27:37 Imperial Age
25:18 Gold Mining
25:42 Stone Mining
25:56 Pikeman
26:37 Squires
26:40 Scale Mail Armor
26:50 Forging
27:31 Loom
28:43 Gold Shaft Mining
28:28 Chain Mail Armor
28:49 Iron Casting
28:44 Conscription
28:30 Ballistas
29:05 Loom
29:36 Hand Cart
29:06 Town Watch
29:15 Fletching
30:32 Ballistics
31:13 Chemistry
29:48 Halberdier
32:21 Blast Furnace
30:51 Heavy Scorpion
32:10 Town Patrol
34:10 Scale Barding Armor
34:01 Bodkin Arrow
33:52 Capped Ram
35:02 Siege Engineers
35:08 Masonry
35:09 Elite Skirmisher
35:46 Murder Holes
36:02 Fortified Wall
36:15 Chain Barding Armor
35:56 Padded Archer Armor
36:54 Bloodlines
36:45 Husbandry
36:05 Light Cavalry
36:21 Siege Ram
37:41 Plate Barding Armor
38:10 Leather Archer Armor
44:28 Ring Archer Armor
51:02 Architecture
53:57 Guilds
62:37 Cavalier
Connection lost

Rejoining the realm…

Still unreachable

The connection could not be restored.

Session expired

The server has moved on; the page needs a fresh start.